AoeStats
← 暴怒

MegaRandom

510469627Analyzed
3v3 RM · 18h ago on Oct 1, 2026· 58m 9s· 6 players
Game mode
Random Map
Map size
Normal (6 player)
Population
200
Speed
Normal
Resources
Standard
Victory
Conquest
Starting age
Dark Age
Ending age
Imperial Age
RankedLock teamsTeams togetherTeam positionsShared explorationLock speedFull tech treeHidden civsTurbo modeCheats
Victory
Defeat
🇨🇳 Saracens · China
788
+15
🇨🇳 Dravidians · China
786
+15
🇨🇳 Magyars · China
752
+17
🇲🇽 Malians · Mexico
813
-17
🇲🇽 Slavs · Mexico
769
-16
🇲🇽 Malay · Mexico
736
-14
Campos1372
2:34 Loom
14:55 Feudal Age
17:14 Double-Bit Axe
22:36 Castle Age
20:34 Horse Collar
25:11 Bow Saw
26:54 Gold Mining
26:57 Stone Mining
28:16 Squires
29:06 Light Cavalry
30:51 Gold Shaft Mining
30:35 Husbandry
30:48 Scale Barding Armor
30:53 Forging
38:50 Imperial Age
37:08 Wheelbarrow
37:06 Fortified Wall
36:52 Murder Holes
38:39 Chain Barding Armor
38:56 Iron Casting
38:22 Scale Mail Armor
53:18 Pikeman
hacker_1905
7:46 Loom
12:57 Feudal Age
18:37 Castle Age
20:17 Wheelbarrow
20:23 Medium Warships
21:51 Fletching
22:20 Double-Bit Axe
22:31 Gold Mining
24:52 Hand Cart
31:14 Scale Mail Armor
31:25 Forging
35:35 Imperial Age
32:58 Pikeman
33:02 Elite Skirmisher
35:06 Iron Casting
34:48 Chain Mail Armor
34:39 Padded Archer Armor
35:43 Thumb Ring
36:54 Leather Archer Armor
38:33 Ring Archer Armor
37:59 Bodkin Arrow
38:29 Ballistics
40:08 Conscription
42:07 Chemistry
40:43 Capped Ram
43:23 Elite Gbeto
44:57 Heavy Camel Rider
45:38 Husbandry
45:49 Bloodlines
45:48 Scale Barding Armor
46:13 Plate Mail Armor
49:32 Farimba
50:58 Chain Barding Armor
54:16 Plate Barding Armor
miguelagndz9319
4:03 Loom
13:01 Feudal Age
14:11 Horse Collar
14:24 Double-Bit Axe
15:55 Wheelbarrow
15:18 Gold Mining
15:25 Stone Mining
17:24 Fishing Lines
21:27 Castle Age
21:20 Bow Saw
21:44 Scale Barding Armor
21:50 Forging
23:21 Man-at-Arms
24:02 Squires
23:48 Arson
23:26 Light Cavalry
24:06 Husbandry
24:00 Arson
24:54 Iron Casting
24:36 Gillnets
25:42 Hand Cart
25:54 Heavy Plow
25:40 Long Swordsman
28:37 Thalassocracy
30:54 Pikeman
33:21 Medium Warships
33:42 Ballistics
33:47 Clinker Construction
33:44 Siphons
34:27 Gold Shaft Mining
40:17 Imperial Age
40:44 Conscription
40:24 Two-Handed Swordsman
40:26 Halberdier
43:31 Cavalier
44:50 Elite Karambit Warrior
48:35 Blast Furnace
53:23 Elite Battle Elephant
Assassin
10:24 Feudal Age
11:41 Wheelbarrow
10:53 Double-Bit Axe
10:51 Horse Collar
19:20 Castle Age
19:10 Gold Mining
20:20 Hand Cart
20:17 Bow Saw
20:31 Stone Mining
21:27 Heavy Plow
31:18 Imperial Age
29:47 Town Watch
29:48 Loom
31:43 Town Patrol
32:40 Conscription
32:43 Wootz Steel
31:48 Crossbowman
32:34 Thumb Ring
33:36 Padded Archer Armor
33:27 Fletching
33:47 Forging
33:38 Scale Mail Armor
33:20 Arbalester
35:28 Chemistry
35:32 Leather Archer Armor
35:12 Bodkin Arrow
35:25 Scale Barding Armor
35:50 Medical Corps
35:48 Husbandry
36:17 Elite Urumi Swordsman
39:24 Ballistics
40:20 Chain Mail Armor
40:35 Ring Archer Armor
40:05 Bracer
40:41 Iron Casting
46:59 Plate Mail Armor
47:05 Iron Casting
46:50 Chain Barding Armor
你们采9朵莲
10:56 Feudal Age
11:44 Double-Bit Axe
11:42 Horse Collar
18:28 Castle Age
21:38 Bow Saw
23:14 Gold Mining
23:45 Heavy Plow
25:35 Wheelbarrow
26:03 Man-at-Arms
26:15 Pikeman
29:38 Scale Mail Armor
30:00 Hand Cart
32:24 Imperial Age
30:19 Crossbowman
31:32 Town Watch
32:00 Thumb Ring
32:15 Town Patrol
34:09 Two-Man Saw
32:35 Halberdier
32:50 Arbalester
34:30 Fletching
34:40 Padded Archer Armor
35:20 Crop Rotation
34:41 Arson
34:55 Long Swordsman
38:02 Chemistry
38:13 Conscription
37:14 Elite Magyar Huszar
39:16 Bodkin Arrow
39:37 Leather Archer Armor
39:37 Chain Mail Armor
39:28 Scale Barding Armor
43:47 Recurve Bow
43:53 Corvinian Army
43:56 Recurve Bow
43:37 Cavalier
44:30 Bloodlines
44:21 Husbandry
53:49 Paladin
55:48 Chain Barding Armor
暴怒
10:34 Feudal Age
11:15 Double-Bit Axe
11:53 Horse Collar
13:29 Wheelbarrow
21:56 Castle Age
20:41 Gold Mining
20:46 Stone Mining
21:03 Man-at-Arms
22:28 Arson
23:58 Gold Shaft Mining
24:41 Hand Cart
24:03 Elite Skirmisher
24:07 Long Swordsman
25:27 Caravan
25:52 Bow Saw
27:28 Heavy Plow
28:01 Gambesons
28:17 Squires
33:43 Imperial Age
34:20 Forging
34:11 Scale Mail Armor
34:16 Scale Barding Armor
34:12 Padded Archer Armor
34:02 Fletching
33:48 Elite Mameluke
35:56 Two-Man Saw
38:26 Iron Casting
38:07 Chain Mail Armor
38:08 Leather Archer Armor
37:49 Bodkin Arrow
38:14 Chain Barding Armor
37:18 Two-Handed Swordsman
39:42 Champion
44:33 Light Cavalry
45:23 Bloodlines
45:14 Husbandry
46:12 Bloodlines
45:25 Hussar
51:09 Conscription
Connection lost

Rejoining the realm…

Still unreachable

The connection could not be restored.

Session expired

The server has moved on; the page needs a fresh start.